 Dungeon Crawl Stone Soup version 0.29-a0-477-g62b78b4225 (webtiles) character file.

Game seed: 15577327527505209375

245 Infinimo the Cudgeller (level 5, -2/41 HPs)
             Began as a Demonspawn Gladiator on May 24, 2022.
             Slain by a goblin
             ... wielding a +0 dagger
             ... led by Robin
              (5 damage)
             ... on level 3 of the Dungeon.
             The game lasted 00:03:33 (2319 turns).

Infinimo the Cudgeller (Demonspawn Gladiator)       Turns: 2319, Time: 00:03:33

Health: -2/41      AC:  4    Str: 11 (14) XL:     5   Next: 83%
Magic:  5/5        EV: 12    Int:  8 (11) God:
Gold:   63         SH:  8    Dex: 12 (15) Spells: 4/4 levels left

rFire   . . .      SeeInvis .   a - +0 flail
rCold   . . .      Faith    .   (no shield)
rNeg    . . .      Spirit   .   b - +0 leather armour
rPois   .          Reflect  .   c - +0 helmet
rElec   .          Harm     .   (no cloak)
rCorr   .          Rampage  .   (no gloves)
Will    .....                   (no boots)
Stlth   +.........              (no amulet)
HPRegen 0.13/turn               (no ring)
MPRegen 0.09/turn               (no ring)

@: no status effects
A: large bone plates 1, condensation shield
a: no special abilities


You were on level 3 of the Dungeon.
You visited 1 branch of the dungeon, and saw 3 of its levels.

You collected 63 gold pieces.

Inventory:

Hand Weapons
 a - a +0 flail (weapon)
Missiles
 d - 3 throwing nets (quivered)
 e - a javelin
Armour
 b - a +0 leather armour (worn)
 c - a +0 helmet (worn)
Jewellery
 k - a ring of willpower
Scrolls
 h - a scroll of blinking {unknown}
 j - a scroll of teleportation
Potions
 g - a potion of brilliance


   Skills:
 + Level 3.4 Fighting
 * Level 4.7 Maces & Flails
 - Level 1.7 Throwing
 + Level 3.7 Dodging


You had 4 spell levels left.
You didn't know any spells.
Your spell library contained the following spells:

 Spells                   Type           Power      Damage    Failure   Level
 Death Channel            Necr           0%         N/A       100%        6
 Simulacrum               Ice/Necr       0%         N/A       100%        6
 Infestation              Necr           0%         N/A       100%        8


Dungeon Overview and Level Annotations

Branches:
Dungeon (3/15)

Altars:

Shops:
D:1 ?=[:*

Annotations:
D:3 Robin


Innate Abilities, Weirdness & Mutations

You are partially covered in large bone plates. (SH +4)
A meltable shield of frost defends you. (SH +4)


Message History

The goblin shoots a sling bullet.
The sling bullet hits you.
You swing at nothing.
The goblin shoots a sling bullet.
You block the sling bullet.
You swing at nothing.
Robin says, "Feeling lonely?"
Robin throws the goblin at you! You block the goblin's attack.
The goblin shoots a sling bullet.
You swing at nothing.
You block the goblin's attack.
The goblin shoots a sling bullet.
The sling bullet hits you.
You swing at nothing.
The goblin hits you with a +0 dagger. Robin throws the goblin at you!
You block the goblin's attack.
The goblin shoots a sling bullet.
The sling bullet misses the goblin.
You swing at nothing.
You block the goblin's attack.
The goblin shoots a sling bullet.
The sling bullet hits you. The goblin hits you with a +0 club.
Robin throws the goblin at you!
You sock the goblin!
You kill the goblin!
The goblin shoots a sling bullet.
Robin throws the goblin at you! You block the goblin's attack.
You sock the goblin!
You kill the goblin!
The goblin hits you with a +0 dagger. You block the goblin's attack.
You thump the goblin!
You kill the goblin!
You block the goblin's attack.
You swing at nothing.
The goblin hits you with a +0 dagger.
You sock the goblin!
You kill the goblin!
The goblin no longer looks unusually strong.
You block the goblin's attack.
The goblin no longer looks unusually strong.
The goblin hits you with a +0 dagger. You block the goblin's attack. x2
The goblin hits you with a +0 dagger.
* * * LOW HITPOINT WARNING * * *
The goblin hits you with a +0 club.
* * * LOW HITPOINT WARNING * * *
The goblin hits you with a +0 club.
* * * LOW HITPOINT WARNING * * *
The goblin hits you with a +0 dagger.
You die...

#####
...#####g..#
.....gg@g..#
#..
...#####g..#
#.# ##.##
#.# ##.##
####.# .
#...#
#..^....
##.##
#.##.##. #.#
#.##.##.
##.#####
#.##.##.
#......#
#.##.##.


You could see Robin, a hobgoblin (strong) and 3 goblins.

Vanquished Creatures
  Sigmund (D:2)
  An orc wizard (D:3)
  2 worms
  A dart slug (D:1)
  6 orcs (D:3)
  2 ball pythons (D:1)
  3 endoplasms (D:1)
  8 goblins
  4 hobgoblins
  4 kobolds (D:1)
  2 bats
  2 frilled lizards (D:1)
  7 rats
43 creatures vanquished.

Notes
Turn   | Place    | Note
-------+----------+-------------------------------------------
     0 | D:1      | Infinimo the Demonspawn Gladiator began the quest for the
                  | Orb.
     0 | D:1      | Reached XP level 1. HP: 16/16 MP: 1/1
    57 | D:1      | Found Nowimos's Jewellery Emporium.
    65 | D:1      | Found Sygop's Magic Scroll Emporium.
   190 | D:1      | Found Afiac's Book Emporium.
   217 | D:1      | Found Veew's General Store.
   352 | D:1      | Reached skill level 3 in Maces & Flails
   364 | D:1      | Gained mutation: A meltable shield of frost defends you.
                  | (SH +4) [demonic ancestry]
   364 | D:1      | Reached XP level 2. HP: 18/22 MP: 2/2
   484 | D:1      | Found a faded altar of an unknown god.
   917 | D:1      | Found Daiwuq's Antique Armour Boutique.
  1252 | D:2      | Got the Compendium of Sinister Rituals
  1358 | D:2      | Noticed Sigmund
  1608 | D:2      | Killed Sigmund
  1609 | D:2      | Reached skill level 4 in Maces & Flails
  1609 | D:2      | Reached XP level 3. HP: 13/29 MP: 3/3
  1609 | D:2      | Reached XP level 4. HP: 16/35 MP: 4/4
  1609 | D:2      | Gained mutation: You are partially covered in large bone
                  | plates. (SH +4) [demonic ancestry]
  1609 | D:2      | Reached XP level 5. HP: 19/41 MP: 5/5
  2297 | D:3      | Identified the +2 helmet of Cheibriados's Fury {Drain +Inv
                  | Regen+ Int+4}
  2297 | D:3      | Noticed Robin
  2319 | D:3      | Slain by a goblin

Illustrated notes

Levels and vault maps discovered:
D:1:      dpeg_arrival_chambers_temple_mockup, layout_basic, serial_shops,
          nicolae_shop_advertising_works [nicolae_subvault_shop_adworks], shop,
          nicolae_shop_waterfront, shop, nicolae_shop_trees,
          chequers_ecumenical_altar_grove
D:2:      layout_basic, uniq_sigmund
D:3:      layout_loops_corners, uniq_ijyb, uniq_terence, uniq_robin

Skill      XL: |  1  2 |
---------------+-------+-----
Maces & Flails | 3 4 |  4.7
Dodging        | 3 |  3.7
Fighting       | 3 |  3.4
Throwing       | |  1.7

Action                   |  1- 3 |  4- 6 || total
-------------------------+-------+-------++-------
Melee: Flail             |    88 |    55 ||   143
       Punch             |       |     1 ||     1
  Use: Potion            |     3 |     2 ||     5
       Scroll            |     2 |       ||     2
 Stab: Sleeping          |     1 |     1 ||     2
Armor: Leather armour    |    15 |    16 ||    31
       Skin              |    11 |    20 ||    31
Dodge: Dodged            |    46 |    33 ||    79
Block: Other             |     3 |    24 ||    27

Table legend: (Time is in decaauts)
 A = Elapsed time spent in this place.
 B = Non-inter-level travel time spent in this place.
 C = Inter-level travel time spent in this place.
 D = Time resting spent in this place.
 E = Time spent auto-exploring this place.
 F = Levels seen in this place.
 G = Mean time per level.
                   A        B        C        D        E       F      G
               +--------+--------+--------+--------+--------+-----+--------+
         Total |   2355 |   2053 |    302 |     37 |   1678 |   3 |  785.0 |
       Dungeon |   2355 |   2053 |    302 |     37 |   1678 |   3 |  785.0 |
               +--------+--------+--------+--------+--------+-----+--------+

Top non-repeatable levels by time:
     D:1: 1397 daAuts
     D:2: 684 daAuts
     D:3: 273 daAuts
